 Dungeon Crawl Stone Soup version 0.31.0-11-ge490571c62 (webtiles) character file.

Game seed: 18316269272103530127

1014 Gadfly the Insei (level 8, -3/90 HPs)
             Began as a Demonspawn Monk on Feb 1, 2024.
             Was a Believer of Nemelex Xobeh.
             Slain by a killer bee (5 damage)
             ... on level 5 of the Dungeon.
             The game lasted 00:09:07 (5703 turns).

Gadfly the Insei (Demonspawn Monk)                  Turns: 5703, Time: 00:09:08

Health: -3/90      AC: 24    Str: 17    XL:     8   Next: 1%
Magic:  10/10      EV:  2    Int:  9    God:    Nemelex Xobeh [**....]
Gold:   231        SH:  0    Dex: 18    Spells: 7/7 levels left

rFire   . .          .
                       - Unarmed
rCold   + . .        (no shield)
rNeg    . . .        a - melded +0 robe
rPois   +            g - melded +0 helmet
rElec   .            (cloak currently unavailable)
rCorr   .            (gloves currently unavailable)
SInv    .            q - melded +0 pair of boots
Will    .....        (no amulet)
Stlth   ++           o - ring of protection from cold
HPRegen 0.35/turn    (no ring)
MPRegen 0.24/turn

%: no passive effects
@: tree-form (expiring)
A: stationary, stasis, torment immunity, boosted hp, (claws 2), (large bone
plates 3), magic regeneration, agile 1, strong 1
a: Renounce Religion, Draw Escape, Draw Destruction, Draw Summoning


You were on level 5 of the Dungeon.
You worshipped Nemelex Xobeh.
Nemelex Xobeh was pleased with you.
You were a tree.
You visited 2 branches of the dungeon, and saw 6 of its levels.

You collected 231 gold pieces.

Inventory:

Hand Weapons
 b - a +1 dagger of venom
 n - a +4 dagger
Armour
 a - a +0 robe (melded)
 c - an orb of light
 g - a +0 helmet (melded)
 q - a +0 pair of boots (melded)
Jewellery
 o - a ring of protection from cold (left branch)
Talismans
 l - a flux talisman
Wands
 m - a wand of roots (8) (quivered)
Scrolls
 p - a scroll of poison
 u - a scroll of revelation
Potions
 d - a potion of resistance
 e - a potion of mutation
 f - 5 potions of curing
 h - a potion of might
 i - a potion of lignification
 j - 2 potions of heal wounds
 k - a potion of ambrosia
 r - a potion of cancellation
 s - a potion of haste {unknown}
 t - a potion of enlightenment {unknown}


   Skills:
 + Level 3.9 Fighting
 + Level 4.1 Dodging
 + Level 4.3 Unarmed Combat
 + Level 3.9 Invocations
 + Level 4.3 Evocations
 * Level 3.5 Shapeshifting


You had 7 spell levels left.
You didn't know any spells.
Your spell library contained the following spells:

 Spells                   Type           Power      Damage    Failure   Level
 Apportation              Tloc           0%         N/A       38%         1
 Jinxbite                 Hex            0%         N/A       52%         2
 Sublimation of Blood     Necr           0%         N/A       52%         2
 Leda's Liquefaction      Alch/Erth      0%         N/A       99%         4
 Petrify                  Alch/Erth      0%         N/A       99%         4
 Alistair's Intoxication  Alch           0%         N/A       100%        5
 Irradiate                Conj/Alch      0%         3d11      100%        5
 Lee's Rapid Deconstruct  Erth           0%         3d4*      100%        5
 Bombard                  Conj/Erth      0%         9d1       100%        6


Dungeon Overview and Level Annotations

Branches:
Dungeon (5/15)             Temple (1/1) D:5

Altars:
Ashenzari
Cheibriados
Dithmenos
Fedhas
Gozag
Hepliaklqana
Kikubaaqudgha
Makhleb
Nemelex Xobeh
Okawaru
Qazlal
Ru
Sif Muna
Trog
Uskayaw
Vehumet
Wu Jian
Xom
Yredelemnul

Shops:
D:2 :   D:3 [   D:5 :=


Innate Abilities, Weirdness & Mutations

You are a tree.
Your roots penetrate the ground, keeping you stationary.
You cannot be teleported.
You are immune to unholy pain and torment.
Your maximum health is greatly increased.
Your equipment is partially melded.
((You have very sharp fingernails.))
((You are completely covered in large bone plates. (SH +8)))
You regenerate magic rapidly.
You are agile. (Dex +4, Str/Int -1)
Your muscles are strong. (Str +4, Int/Dex -1)


Message History

The killer bee is heavily wounded.
The killer bee stings you but does no damage.
The killer bee barely misses you.
You miss the killer bee.
The killer bee is almost dead.
You kill the killer bee!
The killer bee stings you but does no damage.
You have reached level 8!
You feel stronger.
Your demonic ancestry asserts itself...
Large bone plates cover your arms completely.
Your +1 dagger of venom stops dripping with poison.
You are now empty-handed.
The killer bee stings you but does no damage.
You hit the killer bee.
The killer bee is lightly wounded.
The killer bee stings you.
* * * LOW HITPOINT WARNING * * *
You hit the killer bee but do no damage.
The killer bee is lightly wounded.
The killer bee stings you but does no damage.
The killer bee stings you!
* * * LOW HITPOINT WARNING * * *
You miss the killer bee.
The killer bee is lightly wounded.
The killer bee stings you.
* * * LOW HITPOINT WARNING * * *
The killer bee stings you but does no damage.
You barely miss the killer bee.
The killer bee is lightly wounded.
The killer bee stings you.
* * * LOW HITPOINT WARNING * * *
The killer bee stings you!
* * * LOW HITPOINT WARNING * * *
You hit the killer bee.
The killer bee is moderately wounded.
Your transformation is almost over.
The killer bee stings you but does no damage.
The killer bee stings you.
You die...
Your body disappears without a glow.

#########.####.####..........#.#
#....................#..
##########..........>..#..
.#...# ####............. ......#
#..........).. .$.....
#............. .......###
#...........#.
.........#####.............
.......#ly♣>.....####..#...
#..######...#÷#....##.
##..#######.###..#.##.
..y$...#÷#...........
.....######.∩.###..... ...y.y#
#......#÷#..... .......#
#..###.###.###.
......y.....##÷#.###.####
..........## ####.###.....


You could see an iguana and a killer bee.

Vanquished Creatures
  A black bear (D:5)
  An ogre (D:5)
  Blork the orc (D:4)
  4 killer bees (D:5)
  A bombardier beetle (D:3)
  3 jellies
  2 hounds (D:5)
  A gnoll bouda (D:5)
  Natasha (thrice) (D:2)
  2 iguanas
  An orc wizard (D:3)
  6 adders
  4 gnolls (D:5)
  2 ufetubi (D:5)
  3 dart slugs
  4 ribbon worms
  11 orcs
  9 bats
  11 endoplasms
  4 giant cockroaches
  6 goblins
  8 hobgoblins
  12 jackals
  2 quokkas
  4 ball pythons
  3 frilled lizards
  9 kobolds
  7 rats
125 creatures vanquished.

Notes
Turn   | Place    | Note
-------+----------+-------------------------------------------
     0 | D:1      | Gadfly the Demonspawn Monk began the quest for the Orb.
     0 | D:1      | Reached XP level 1. HP: 18/18 MP: 1/1
   433 | D:1      | Reached skill level 1 in Invocations
   433 | D:1      | Gained mutation: You have sharp fingernails. [demonic
                  | ancestry]
   433 | D:1      | Reached XP level 2. HP: 15/24 MP: 2/2
   723 | D:1      | Reached skill level 1 in Evocations
  1397 | D:2      | Found a shimmering altar of Xom.
  1491 | D:2      | Found Tenaonyd's Book Boutique.
  1497 | D:2      | Reached XP level 3. HP: 29/29 MP: 4/4
  1862 | D:2      | Noticed Natasha
  1869 | D:2      | Killed Natasha
  1870 | D:2      | Reached skill level 1 in Shapeshifting
  1993 | D:2      | Noticed Natasha
  2000 | D:2      | Killed Natasha
  2001 | D:2      | Gained mutation: You regenerate magic rapidly. [demonic
                  | ancestry]
  2001 | D:2      | Reached XP level 4. HP: 29/35 MP: 5/5
  2108 | D:2      | Noticed Natasha
  2113 | D:2      | Killed Natasha
  2356 | D:3      | Gained mutation: You are partially covered in large bone
                  | plates. (SH +4) [demonic ancestry]
  2356 | D:3      | Reached XP level 5. HP: 32/41 MP: 7/7
  2499 | D:3      | Found Coixatom's Armour Emporium.
  3009 | D:3      | Gained mutation: You are mostly covered in large bone
                  | plates. (SH +6) [demonic ancestry]
  3009 | D:3      | Reached XP level 6. HP: 28/47 MP: 8/8
  3121 | D:3      | Found a bloodstained altar of Trog.
  4192 | D:4      | HP: 2/47 [goblin/+0 club (2)]
  4200 | D:4      | HP: 2/47 [poisoned by an adder]
  4439 | D:4      | Gained mutation: Your muscles are strong. (Str +4, Int/Dex
                  | -1) [potion of mutation]
  4439 | D:4      | Gained mutation: You are agile. (Dex +4, Str/Int -1)
                  | [potion of mutation]
  4499 | D:4      | Noticed Blork the orc
  4510 | D:4      | Killed Blork the orc
  4923 | D:5      | Entered Level 5 of the Dungeon
  4936 | D:5      | Gained mutation: You have very sharp fingernails. [demonic
                  | ancestry]
  4936 | D:5      | Reached XP level 7. HP: 14/52 MP: 9/9
  5072 | D:5      | Found Xuubad's Jewellery Shoppe.
  5364 | D:5      | Found Tohearipu's Book Boutique.
  5412 | D:5      | Found a staircase to the Ecumenical Temple.
  5447 | Temple   | Entered the Ecumenical Temple
  5537 | Temple   | Became a worshipper of Nemelex Xobeh the Trickster
  5537 | Temple   | Reached * piety under Nemelex Xobeh
  5537 | Temple   | Received a gift from Nemelex Xobeh
  5537 | Temple   | Reached ** piety under Nemelex Xobeh
  5614 | D:5      | Found a sacrificial altar of Ru.
  5698 | D:5      | Gained mutation: You are completely covered in large bone
                  | plates. (SH +8) [demonic ancestry]
  5698 | D:5      | Reached XP level 8. HP: 26/60 MP: 10/10
  5702 | D:5      | HP: 2/90 [killer bee (7)]
  5703 | D:5      | Slain by a killer bee

Illustrated notes

Levels and vault maps discovered:
D:1:      nzn_arrival_settlement, layout_loops_ring, serial_co_window_serial,
          co_window_paths_b, co_window_of_opportunity_a, co_window_paths_a,
          co_window_paths_a, co_window_of_opportunity_a, co_window_corner_a,
          co_window_corner_a, co_window_2corner, co_window_unsneaky_path_e,
          co_window_cross_4, co_window_of_opportunity_b, co_window_broadway_c,
          glass_columns_a, glass_columns_b, glass_columns_a
D:2:      layout_rooms, serial_shops, shop, basic_altar,
          minmay_increasing_density, uniq_natasha
D:3:      layout_rooms, mainiacjoe_overflow_concentric_impassable,
          lemuel_tele_altar, serial_shops, shop
D:4:      kennysheep_spiral_hall, layout_cave_pools, uniq_blork_the_orc
D:5:      layout_rooms, old_standard_altar, minmay_temple_entry_metal_lava,
          serial_shops, nicolae_shop_gibbet_a_chance,
          minmay_shop_enchanted_jewellery, st_stairs_6
Temple:   hellmonk_temple_of_storms

Skill      XL: |  1  2  3  4  5  6  7 |
---------------+----------------------+-----
Invocations    | 1 2 3 |  3.9
Evocations     | 1 2 3 4 |  4.3
Unarmed Combat | 3 4 |  4.3
Shapeshifting  | 1 2 3 |  3.5
Dodging        | 3 4 |  4.1
Fighting       | |  3.9

Action                     |  1- 3 |  4- 6 |  7- 9 || total
---------------------------+-------+-------+-------++-------
  Melee: Unarmed           |    80 |       |     5 ||    85
         Dagger            |    28 |   260 |    89 ||   377
         Punch             |       |       |     1 ||     1
    Use: Scroll            |     5 |     8 |       ||    13
         Potion            |     1 |     3 |     1 ||     5
 Armour: Robe              |    54 |   185 |    48 ||   287
         Skin              |       |       |    34 ||    34
  Dodge: Dodged            |    70 |   237 |    82 ||   389
  Block: Other             |       |       |    26 ||    26
